 Dungeon Crawl Stone Soup version 0.29-a0-824-gd827844252 (webtiles) character file.

Game seed: 8178829353595266893

51 Querens the Covered (level 4, 0/30 (40) HPs)
             Began as a Meteoran Fighter on July 9, 2022.
             Slain by a hobgoblin (6 damage)
             ... led by Robin
             ... on level 2 of the Dungeon.
             The game lasted 00:02:56 (669 turns).

Querens the Covered (Meteoran Fighter)               Turns: 669, Time: 00:02:57

HP:   0/30 (40)     AC:  7    Str: 19    XL:     4   Next: 25%
MP:   5/5           EV:  9    Int:  9    God:
Gold: 10            SH:  5    Dex: 14    Spells: 3/3 levels left

rFire   . . .      SeeInvis .   k - +2 hand axe (vorpal)
rCold   . . .      Faith    .   c - +0 buckler
rNeg    . . .      Spirit   .   b - +0 scale mail
rPois   .          Reflect  .   (no helmet)
rElec   .          Harm     .   (no cloak)
rCorr   .          Rampage  .   (no gloves)
Will    .....                   (no boots)
Stlth   ..........              (no amulet)
HPRegen 0.10/turn               (no ring)
MPRegen 0.09/turn               (no ring)

@: glowing, very heavily drained
A: sense surroundings 1, otherworldly, glowing, explore regen
a: no special abilities


You were on level 2 of the Dungeon.
You visited 1 branch of the dungeon, and saw 2 of its levels.

You collected 10 gold pieces.

Inventory:

Hand Weapons
 a - a +0 war axe
 k - a +2 vorpal hand axe (weapon)
Armour
 b - a +0 scale mail (worn)
 c - a +0 buckler (worn)
Scrolls
 e - a scroll of identify {unknown}
 f - a scroll of fog {unknown}
 g - a scroll of blinking {unknown}
 i - a scroll of magic mapping {unknown}
Potions
 d - a potion of might
 h - a potion of attraction {unknown}
 j - a potion of haste {unknown}
 l - a potion of flight {unknown}


   Skills:
 + Level 3.8 Fighting
 + Level 3.2 Axes
 + Level 4.2 Armour
 + Level 4.1 Shields


You had 3 spell levels left.
You didn't know any spells.
Your spell library was empty.

Dungeon Overview and Level Annotations

Branches:
Dungeon (2/15) Zot: 700

Altars:

Shops:
D:1 [*[=


Innate Abilities, Weirdness & Mutations

You passively map a small area around you.
You are easily found by Zot.
You glow in the dark.
You regain HP and MP as you explore.


Message History

You kill the goblin!
You have reached level 4!
You hit Robin.
Robin is heavily wounded.
Robin hits you but does no damage. Robin hits you with a +0 short sword.
Unknown command.
You barely miss Robin.
Robin is heavily wounded.
You block Robin's attack.
You hit Robin.
Robin is severely wounded.
Robin hits you with a +0 short sword.
You barely miss Robin.
Robin is severely wounded.
Robin hits you with a +0 short sword.
You hit Robin.
Robin is almost dead.
Robin barely misses you.
You closely miss Robin.
Robin is almost dead.
Robin hits you with a +0 short sword. x2
You are too injured to fight recklessly!
You are too injured to fight recklessly!
You slash Robin!
You kill Robin!
You hit the hobgoblin.
The hobgoblin is heavily wounded.
The hobgoblin hits you but does no damage.
You closely miss the hobgoblin.
The hobgoblin is heavily wounded.
The hobgoblin hits you.
* * * LOW HITPOINT WARNING * * *
You closely miss the hobgoblin.
The hobgoblin is heavily wounded.
The hobgoblin hits you.
* * * LOW HITPOINT WARNING * * *
The hobgoblin attacks as you move away!
The hobgoblin hits you but does no damage.
The hobgoblin attacks as you move away! The hobgoblin hits you.
You die...

*, * , , * ,
* , * # , ,,
, * # , , , *
,, * # * ## *
, # #..* * ,
* ## * ###
..####, , ,
####. , ,..g
#...+ , ,
+....
**#g###@# , ,
* #.. #)#g##*
, #.# #g##
#.# #)# * #.#
#.# *#+# #.#
#.# #.# #.#
#.#
#.#######.# *
#.#
##......##.#
#.#
##...###.##.#


You could see a hobgoblin (strong) and a goblin.

Vanquished Creatures
  Robin (D:2)
  A gnoll (D:1)
  An endoplasm (D:1)
  5 goblins
  A hobgoblin (D:1)
  4 kobolds (D:1)
  A quokka (D:1)
  7 ball pythons (D:1)
  5 bats (D:1)
  2 frilled lizards (D:1)
  4 rats (D:1)
32 creatures vanquished.

Notes
Turn   | Place    | Note
-------+----------+-------------------------------------------
     0 | D:1      | Querens the Meteoran Fighter began the quest for the Orb.
     0 | D:1      | Reached XP level 1. HP: 19/19 MP: 2/2
    69 | D:1      | Reached XP level 2. HP: 26/26 MP: 3/3
   160 | D:1      | Found Poipnad's General Store.
   204 | D:1      | Found Upolut Wuyb's Jewellery Shop.
   314 | D:1      | Found Kearphuw's Armour Emporium.
   324 | D:1      | Reached XP level 3. HP: 30/31 MP: 4/4
   478 | D:1      | Glimpsed the power of Zot.
   521 | D:1      | Found Lumippe's Antique Armour Boutique.
   524 | D:1      | Glimpsed the power of Zot.
   562 | D:1      | Glimpsed the power of Zot.
   572 | D:1      | Touched by the power of Zot.
   649 | D:2      | Noticed Robin
   657 | D:2      | Reached XP level 4. HP: 27/28 MP: 5/5
   663 | D:2      | Killed Robin
   669 | D:2      | Slain by a hobgoblin

Illustrated notes

Levels and vault maps discovered:
D:1:      zaba_arrival_water, layout_basic, serial_aquarium,
          aquarium_bridge_square [aquarium_subvault_bridge,
          aquarium_subvault_wall, aquarium_subvault_bridge,
          aquarium_subvault_bridge], aquarium_window_fake, aquarium_window_fake,
          aquarium_window_1, aquarium_view_2e, aquarium_view_2a,
          aquarium_balcony_3a, serial_shops, shop, nicolae_shop_behind_doors,
          nicolae_diamond_shop, nicolae_square_shop, minmay_tetromino_s4
D:2:      layout_loops_corners, serial_shops, shop, uniq_crazy_yiuf_cottage,
          uniq_robin, uniq_jessica

Skill      XL: |  1  2  3 |
---------------+----------+-----
Armour         | 4 |  4.2
Axes           | 3 |  3.2
Shields        | 4 |  4.1
Fighting       | |  3.8

Action                   |  1- 3 |  4- 6 || total
-------------------------+-------+-------++-------
Melee: War axe           |    51 |       ||    51
       Hand axe          |     9 |    10 ||    19
Armor: Scale mail        |    40 |     3 ||    43
Dodge: Dodged            |    27 |     1 ||    28
Block: Buckler           |    16 |     1 ||    17

Table legend: (Time is in decaauts)
 A = Elapsed time spent in this place.
 B = Non-inter-level travel time spent in this place.
 C = Inter-level travel time spent in this place.
 D = Time resting spent in this place.
 E = Time spent auto-exploring this place.
 F = Levels seen in this place.
 G = Mean time per level.
                   A        B        C        D        E       F      G
               +--------+--------+--------+--------+--------+-----+--------+
         Total |    699 |    677 |     22 |      0 |      0 |   2 |  349.5 |
       Dungeon |    699 |    677 |     22 |      0 |      0 |   2 |  349.5 |
               +--------+--------+--------+--------+--------+-----+--------+

Top non-repeatable levels by time:
     D:1: 634 daAuts
     D:2: 64 daAuts
